 Dungeon Crawl Stone Soup version 0.19.4-8-ga85b6b9 (webtiles) character file.

4113 Naow the Thaumaturge (level 10, -5/50 HPs)
             Began as a Deep Elf Fire Elementalist on Feb 11, 2017.
             Was a Believer of Vehumet.
             Slain by a vampire (15 damage)
             ... on level 9 of the Dungeon.
             The game lasted 00:17:04 (12698 turns).

Naow the Thaumaturge (Deep Elf Fire Elementalist)  Turns: 12698, Time: 00:17:04

Health: -5/50      AC:  3    Str: 10    XL:     10   Next: 6%
Magic:  10/25      EV: 15    Int: 24    God:    Vehumet [**....]
Gold:   407        SH:  6    Dex: 15    Spells: 6 memorised, 10 levels left

rFire  + . .     SeeInvis .     G - +2 dagger (venom) (curse)
rCold  . . .     Gourm    .     a - +0 robe
rNeg   . . .     Faith    +     w - +0 buckler
rPois  .         Spirit   .     (no helmet)
rElec  .         Reflect  .     O - +0 cloak (curse)
rCorr  .         Harm     .     (no gloves)
MR     +....                    (no boots)
Stlth  ++........               E - amulet of faith
                                y - +5 ring of strength
                                r - ring of protection from fire (curse)

@: no status effects
A: no striking features
a: Renounce Religion


You were on level 9 of the Dungeon.
You worshipped Vehumet.
Vehumet was pleased with you.
You were hungry.

You visited 2 branches of the dungeon, and saw 10 of its levels.

You collected 407 gold pieces.

Inventory:

Hand Weapons
 G - a cursed +2 dagger of venom (weapon)
Armour
 a - a +0 robe (worn)
 t - a +0 cloak
 w - a +0 buckler (worn)
 L - a +1 robe of magic resistance
 O - a cursed +0 cloak (worn)
 P - +0 steam dragon scales
Jewellery
 r - a cursed ring of protection from fire (left hand)
 y - a +5 ring of strength (right hand)
 E - an amulet of faith (around neck)
 Q - a +3 ring of strength
Wands
 H - a wand of hasting (7/9)
Scrolls
 e - a scroll of fog {unknown}
 f - a scroll of immolation {unknown}
 h - a scroll of teleportation {unknown}
 i - 4 scrolls of identify {unknown}
 k - a scroll of magic mapping {unknown}
 m - a scroll of noise {unknown}
 o - a scroll of blinking {unknown}
 q - 5 scrolls of amnesia {unknown}
 s - 7 scrolls of remove curse {unknown}
 z - 2 scrolls of enchant armour {unknown}
 A - a scroll of recharging {unknown}
 D - 3 scrolls of enchant weapon {unknown}
 F - a scroll of random uselessness {unknown}
 J - a scroll of fear {unknown}
Potions
 g - 3 potions of lignification {unknown}
 l - a potion of brilliance {unknown}
 n - 6 potions of curing {unknown}
 p - a potion of flight {unknown}
 v - a potion of ambrosia {unknown}
 x - a potion of cancellation {unknown}
 I - a potion of haste {unknown}
 K - a potion of magic {unknown}
Books
 b - a book of Flames

   Spells                             Type                      Level
   a - Flame Tongue                   Conjuration/Fire             1
   b - Throw Flame                    Conjuration/Fire             2
   c - Conjure Flame                  Conjuration/Fire             3
   d - Inner Flame                    Hexes/Fire                   3
   e - Sticky Flame                   Conjuration/Fire             4
   f - Fireball                       Conjuration/Fire             5
 B - a book of Changes

   Spells                             Type                      Level
   a - Beastly Appendage              Transmutation                1
   b - Sticks to Snakes               Transmutation                2
   c - Spider Form                    Transmutation/Poison         3
   d - Ice Form                       Ice/Transmutation            4
   e - Blade Hands                    Transmutation                5
 C - a book of Misfortune

   Spells                             Type                      Level
   a - Confusing Touch                Hexes                        1
   b - Confuse                        Hexes                        3
   c - Gell's Gravitas                Hexes/Translocation          3
   d - Petrify                        Transmutation/Earth          4
   e - Metabolic Englaciation         Hexes/Ice                    5
   f - Yara's Violent Unravelling     Hexes/Transmutation          5
Comestibles
 c - 7 bread rations
 d - 8 fruits
 j - 2 beef jerkies
 u - a meat ration
 M - 11 chunks of flesh
 N - a royal jelly


   Skills:
 + Level 4.7 Dodging
 - Level 2.4 Stealth
 - Level 6.3 Shields
 + Level 9.6 Spellcasting
 + Level 7.5 Conjurations
 + Level 8.1 Fire Magic


You had 10 spell levels left.
You knew the following spells:

 Your Spells              Type           Power        Failure   Level  Hunger
a - Flame Tongue          Conj/Fire      #####        1%          1    None
b - Throw Flame           Conj/Fire      #####.       1%          2    None
c - Conjure Flame         Conj/Fire      #####...     1%          3    None
d - Sticky Flame          Conj/Fire      #####...     2%          4    #......
e - Fireball              Conj/Fire      #####.....   8%          5    ####...
f - Ignite Poison         Fire/Tmut/Pois ###.....     6%          3    None


Dungeon Overview and Level Annotations

Branches:
Dungeon (9/15)             Temple (1/1) D:5
   Lair: D:8-11         Orc: D:9-12

Altars:
Ashenzari
Cheibriados
Dithmenos
Elyvilon
Fedhas
Gozag
Hepliaklqana
Kikubaaqudgha
Makhleb
Nemelex Xobeh
Okawaru
Qazlal
Ru
Sif Muna
Trog
Uskayaw
Vehumet
Xom
Yredelemnul
Zin
The Shining One

Shops:
D:6 *

Annotations:
D:9 Erolcha


Message History

The centaur wields a glowing shortbow.
It is covered in frost.
The centaur shoots an arrow.
The arrow misses you. Something hits you but does no damage.
Something bites you!
Something draws strength from your injuries!
The crimson imp blinks!
Casting: Fireball
Confirm with . or Enter, or press ? or * to list all spells.
Aiming: Fireball
Press: ? - help, Shift-Dir - straight line, f - crimson imp
Aim: a crimson imp The fireball explodes!
The fireball engulfs something.
The fireball engulfs you! You resist.
The fireball engulfs the centaur.
You kill the centaur!
Vehumet accepts your kill.
You feel your power returning.
The fireball engulfs the crimson imp.
The crimson imp completely resists.
Something hits you!
* * * LOW HITPOINT WARNING * * *
Something barely misses you. Something hits you!
You die...

####...# #.....<#
##......#
####.......##
#...........#
##...........#
#(...........#
#..........### .
#@..5..##### ..
#5.....# ...
#).....# ...G
####......# ..#..
#......####
%.#$5.##......#
.H#...†.c.....#
[.#!..#..........#
.c#.. #....[.....#


You could see 2 crimson imps.

Vanquished Creatures
  A hippogriff (D:8)
  Eustachio (D:4)
  A steam dragon (D:8)
  Menkaure (D:4)
  Edmund (D:4)
  3 orc warriors
  3 ice beasts
  3 phantoms
  3 sky beasts
  3 ogres
  A crocodile (D:5)
  2 centaurs
  A bullfrog (D:8)
  A gnoll sergeant (D:6)
  4 scorpions
  2 howler monkeys (D:4)
  10 wights
  3 quasits
  2 jellies
  2 orc priests
  4 hounds
  2 orc wizards
  12 worker ants
  2 hound skeletons (D:5)
  Robin (D:3)
  A worker ant zombie (D:7)
  9 adders
  4 gnolls (D:6)
  A howler monkey skeleton (D:6)
  A shadow imp (D:6)
  2 oozes
  3 adder skeletons
  6 worms
  4 dart slugs
  6 leopard geckos
  14 orcs
  11 bats
  5 giant cockroaches
  24 goblins
  8 hobgoblins
  21 jackals
  A quokka (D:4)
  7 frilled lizards
  11 kobolds
  A leopard gecko skeleton (D:4)
  A leopard gecko zombie (D:5)
  2 quokka skeletons
  A quokka zombie (D:5)
  13 rats
226 creatures vanquished.

Notes
Turn   | Place    | Note
-------+----------+-------------------------------------------
     0 | D:1      | Naow the Deep Elf Fire Elementalist began the quest for the Orb.
     0 | D:1      | Reached XP level 1. HP: 10/10 MP: 6/6
   429 | D:1      | Reached XP level 2. HP: 15/15 MP: 2/8
   522 | D:1      | Learned a level 2 spell: Throw Flame
  1055 | D:1      | Reached XP level 3. HP: 19/19 MP: 5/10
  1061 | D:1      | Reached skill level 4 in Spellcasting
  1480 | D:1      | Learned a level 3 spell: Conjure Flame
  2071 | D:2      | Reached XP level 4. HP: 24/24 MP: 10/12
  3366 | D:3      | Reached skill level 5 in Spellcasting
  3429 | D:3      | Found a white marble altar of Elyvilon.
  3444 | D:3      | Reached XP level 5. HP: 13/28 MP: 8/14
  3762 | D:3      | Noticed Robin
  3892 | D:3      | Killed Robin
  4595 | D:4      | Noticed Edmund
  4624 | D:4      | Killed Edmund
  4624 | D:4      | Reached skill level 1 in Shields
  4624 | D:4      | Reached XP level 6. HP: 14/32 MP: 1/16
  4630 | D:4      | Learned a level 4 spell: Sticky Flame
  4637 | D:4      | Learned a level 5 spell: Fireball
  4835 | D:4      | Noticed Eustachio
  4845 | D:4      | Killed Eustachio
  4845 | D:4      | Reached skill level 5 in Fire Magic
  4943 | D:4      | Noticed Menkaure
  4946 | D:4      | Killed Menkaure
  4946 | D:4      | Reached skill level 6 in Spellcasting
  4946 | D:4      | Reached XP level 7. HP: 20/36 MP: 12/18
  6276 | D:5      | Entered Level 5 of the Dungeon
  6584 | D:5      | Reached XP level 8. HP: 41/41 MP: 12/20
  6651 | D:5      | Reached skill level 5 in Conjurations
  6902 | D:5      | Found a staircase to the Ecumenical Temple.
  6911 | D:5      | Reached skill level 7 in Spellcasting
  6937 | Temple   | Entered the Ecumenical Temple
  7040 | Temple   | Became a worshipper of Vehumet
  8206 | D:6      | Found Wazat's General Store.
  8456 | D:6      | Reached skill level 5 in Shields
  8894 | D:7      | Reached * piety under Vehumet
  8894 | D:7      | Offered knowledge of Freeze by Vehumet.
  8987 | D:7      | Found an ancient bone altar of Kikubaaqudgha.
  9331 | D:7      | Reached XP level 9. HP: 45/45 MP: 16/22
  9415 | D:7      | Reached skill level 8 in Spellcasting
 10925 | D:8      | Offered knowledge of Throw Frost by Vehumet.
 11078 | D:8      | Reached ** piety under Vehumet
 11554 | D:8      | Reached skill level 9 in Spellcasting
 11793 | D:8      | Found a radiant altar of Vehumet.
 12018 | D:9      | Noticed Erolcha
 12421 | D:8      | Offered knowledge of Ignite Poison by Vehumet.
 12426 | D:8      | Learned a level 3 spell: Ignite Poison
 12542 | D:8      | Reached XP level 10. HP: 46/50 MP: 11/25
 12698 | D:9      | Slain by a vampire

Skill      XL: |  1  2  3  4  5  6  7  8  9 |
---------------+----------------------------+-----
Spellcasting   | 4 5 6 7 9 |  9.6
Conjurations   | 2 3 4 6 7 |  7.5
Fire Magic     | 4 5 6 8 |  8.1
Shields        | 1 2 3 5 6 |  6.3
Dodging        | 4 |  4.7
Stealth        | |  2.4

Action                   |  1- 3 |  4- 6 |  7- 9 | 10-12 || total
-------------------------+-------+-------+-------+-------++-------
Melee: Unarmed           |    20 |     4 |    33 |       ||    57
       Dagger            |       |       |       |     1 ||     1
 Cast: Flame Tongue      |    84 |   116 |   292 |     4 ||   496
       Throw Flame       |     3 |    15 |    66 |     4 ||    88
       Sticky Flame      |       |       |    17 |     2 ||    19
       Fireball          |       |       |     7 |     3 ||    10
       Conjure Flame     |       |       |     6 |       ||     6
  Eat: Chunk             |     3 |     9 |    21 |       ||    33
       Meat ration       |       |       |     1 |       ||     1
Armor: Robe              |    17 |     7 |    14 |     1 ||    39
Dodge: Dodged            |    32 |    27 |    79 |     4 ||   142
Block: Buckler           |       |       |     5 |     1 ||     6
